 Dungeon Crawl Stone Soup version 0.31-a0-692-gf03d1854d5 (webtiles) character file.

Game seed: 17873703231275210060

176 Descartes the Trooper (level 5, -4/41 HPs)
             Began as a Demonspawn Fighter on Sept 7, 2023.
             Slain by Crazy Yiuf
             ... wielding a +2 quarterstaff of chaos
              (6 damage)
             ... on level 2 of the Dungeon.
             The game lasted 00:04:09 (1800 turns).

Descartes the Trooper (Demonspawn Fighter)          Turns: 1800, Time: 00:04:11

Health: -4/41      AC: 11    Str: 17    XL:     5   Next: 30%
Magic:  8/8        EV:  6    Int: 11    God:
Gold:   81         SH:  8    Dex: 12    Spells: 8/8 levels left

rFire   . . .        a - +0 war axe
rCold   . . .        f - +0 kite shield
rNeg    . . .        h - +0 chain mail
rPois   .            (no helmet)
rElec   .            (no cloak)
rCorr   .            c - +0 pair of gloves
SInv    .            p - +0 pair of boots
Will    .....        (no amulet) Stlth
                     i - ring of wizardry
HPRegen 0.26/turn    (no ring)
MPRegen 0.11/turn

%: wizardry (x1)
@: no status effects
A: demonic guardian 1, demonic magic 1
a: no special abilities


You were on level 2 of the Dungeon.
You visited 1 branch of the dungeon, and saw 3 of its levels.

You collected 81 gold pieces.

Inventory:

Hand Weapons
 a - a +0 war axe (weapon)
Armour
 c - a +0 pair of gloves (worn)
 f - a +0 kite shield (worn)
 h - a +0 chain mail (worn)
 p - a +0 pair of boots (worn)
Jewellery
 i - a ring of wizardry (left hand)
 j - a ring of fire
Wands
 r - a wand of mindburst (15)
Scrolls
 e - a scroll of teleportation {unknown}
 g - a scroll of revelation {unknown}
 k - a scroll of poison {unknown}
 l - 2 scrolls of identify {unknown}
 s - a scroll of fog {unknown}
 t - a scroll of amnesia {unknown}
 u - a scroll of vulnerability {unknown}
Potions
 b - a potion of experience {unknown}
 d - a potion of might
 m - 2 potions of curing {unknown}
 n - a potion of enlightenment {unknown}
 o - a potion of attraction {unknown}
 q - 2 potions of brilliance {unknown}


   Skills:
 + Level 3.6 Fighting
 + Level 2.6 Axes
 + Level 3.2 Armour
 + Level 3.2 Shields
 * Level 2.1 Spellcasting
 + Level 1.4 Evocations


You had 8 spell levels left.
You didn't know any spells.
Your spell library was empty.

Dungeon Overview and Level Annotations

Branches:
Dungeon (3/15)

Altars:

Annotations:
D:2 Crazy Yiuf


Innate Abilities, Weirdness & Mutations

A weak demonic guardian rushes to your aid.
Spells you cast may paralyse adjacent enemies.


Message History

Crazy Yiuf closely misses you.
There is an open translucent door here.
You completely miss Crazy Yiuf. You block Crazy Yiuf's attack.
Crazy Yiuf hits you with a +2 quarterstaff of chaos.
You closely miss Crazy Yiuf. Crazy Yiuf hits you but does no damage.
Space warps horribly around you!!
Ouch! That really hurt!
A demonic guardian appears!
Crazy Yiuf hits you with a +2 quarterstaff of chaos.
You closely miss Crazy Yiuf.
Crazy Yiuf grits, "Buddy hand water!"
Crazy Yiuf hits you with a +2 quarterstaff of chaos.
* * * LOW HITPOINT WARNING * * *
Crazy Yiuf burns you.
* * * LOW HITPOINT WARNING * * *
Your iron imp hits Crazy Yiuf.
Your iron imp hits Crazy Yiuf!
Crazy Yiuf glowers.
Crazy Yiuf attacks as he pursues you! You block Crazy Yiuf's attack.
Crazy Yiuf attacks as he pursues you! Crazy Yiuf barely misses you.
You see here a +0 hammer.
Crazy Yiuf says, "Crazy?
Crazy!?
PORCUPINE!"
Crazy Yiuf flaps his cloak.
Crazy Yiuf attacks as he pursues you! You block Crazy Yiuf's attack.
Crazy Yiuf yells, "East tea sallow!"
Crazy Yiuf attacks as he pursues you! You block Crazy Yiuf's attack.
Crazy Yiuf attacks as he pursues you!
Crazy Yiuf hits you with a +2 quarterstaff of chaos!
* * * LOW HITPOINT WARNING * * *
A demonic guardian appears!
Crazy Yiuf attacks as he pursues you! You block Crazy Yiuf's attack.
Your ufetubus hits Crazy Yiuf.
Your ufetubus hits Crazy Yiuf but does no damage.
Your ufetubus hits Crazy Yiuf.
Your ufetubus barely misses Crazy Yiuf.
Crazy Yiuf whimpers, "Buddy!"
Crazy Yiuf attacks as he pursues you!
Crazy Yiuf hits you with a +2 quarterstaff of chaos.
* * * LOW HITPOINT WARNING * * *
You convulse.
You die...

#####...########.#............##.
#.................##########.
#..#########.####.# #. #####..#
#.# #.# ## .......#
##'####'######
#####.#########............#
#####.......(.'............#
.....##########............#
.....# #.@....).....# [....#
#.g..........# .....#
#............# .....#
#..5.........# .....#
#............# .....#
##.####'###### .....# #.# ###
.....# #5# # .....# ##.####### #


You could see Crazy Yiuf (ally target), a friendly iron imp (summoned) and a
friendly ufetubus (summoned).

Vanquished Creatures
  Natasha (thrice) (D:2)
  Robin (D:2)
  2 adders
  A worm (D:2)
  2 dart slugs
  2 endoplasms
  5 giant cockroaches
  9 goblins (D:2)
  8 hobgoblins
  4 jackals (D:1)
  3 quokkas
  3 ball pythons
  8 bats
  4 frilled lizards
  6 kobolds
  7 rats
68 creatures vanquished.

Vanquished Creatures (collateral kills)
  A hobgoblin (D:2)
1 creature vanquished.

Grand Total: 69 creatures vanquished

Notes
Turn   | Place    | Note
-------+----------+-------------------------------------------
     0 | D:1      | Descartes the Demonspawn Fighter began the quest for the
                  | Orb.
     0 | D:1      | Reached XP level 1. HP: 18/18 MP: 1/1
   282 | D:1      | Gained mutation: Spells you cast may paralyse adjacent
                  | enemies. [demonic ancestry]
   282 | D:1      | Reached XP level 2. HP: 24/24 MP: 2/2
   590 | D:1      | Reached XP level 3. HP: 26/29 MP: 4/4
   785 | D:2      | Reached skill level 1 in Spellcasting
   837 | D:2      | Noticed Natasha
   845 | D:2      | Killed Natasha
   846 | D:2      | Gained mutation: A weak demonic guardian rushes to your
                  | aid. [demonic ancestry]
   846 | D:2      | Reached XP level 4. HP: 25/35 MP: 4/6
  1133 | D:2      | Noticed Natasha
  1137 | D:2      | Killed Natasha
  1138 | D:2      | Reached skill level 1 in Evocations
  1166 | D:2      | Found a runed translucent door.
  1167 | D:2      | Noticed Crazy Yiuf
  1260 | D:2      | Noticed Natasha
  1264 | D:2      | Killed Natasha
  1265 | D:2      | Reached XP level 5. HP: 41/41 MP: 7/7
  1400 | D:2      | You fall into a shaft and drop 1 floor!
  1543 | D:2      | Noticed Robin
  1559 | D:2      | Killed Robin
  1726 | D:2      | Found a faded altar of an unknown god.
  1800 | D:2      | HP: 2/41 [Crazy Yiuf/+2 quarterstaff of chaos (4)]
  1800 | D:2      | Slain by Crazy Yiuf

Illustrated notes

Levels and vault maps discovered:
D:1:      grunt_arrival_crossed_arrows, layout_loops_ring
D:2:      minmay_angry_zag, layout_basic, shapermc_ecumenical_altar_mp_vishouse,
          uniq_crazy_yiuf_cottage, uniq_natasha, uniq_robin
D:3:      layout_basic, lemuel_flame_loot_1

Skill      XL: |  1  2  3  4  5 |
---------------+----------------+-----
Axes           | 2 |  2.6
Shields        | 3 |  3.2
Armour         | 3 |  3.2
Spellcasting   | 1 2 |  2.1
Evocations     | 1 |  1.4
Fighting       | |  3.6

Action                     |  1- 3 |  4- 6 || total
---------------------------+-------+-------++-------
  Melee: War axe           |   123 |    62 ||   185
 Armour: Scale mail        |    21 |       ||    21
         Chain mail        |    67 |    66 ||   133
  Dodge: Dodged            |    44 |    16 ||    60
  Block: Kite shield       |    63 |    36 ||    99
         Buckler           |     6 |       ||     6

Table legend: (Time is in decaauts)
 A = Elapsed time spent in this place.
 B = Non-inter-level travel time spent in this place.
 C = Inter-level travel time spent in this place.
 D = Time resting spent in this place.
 E = Time spent auto-exploring this place.
 F = Levels seen in this place.
 G = Mean time per level.
                   A        B        C        D        E       F      G
               +--------+--------+--------+--------+--------+-----+--------+
         Total |   1904 |   1896 |      8 |      0 |   1352 |   3 |  634.7 |
       Dungeon |   1904 |   1896 |      8 |      0 |   1352 |   3 |  634.7 |
               +--------+--------+--------+--------+--------+-----+--------+

Top non-repeatable levels by time:
     D:2: 988 daAuts
     D:1: 822 daAuts
     D:3: 94 daAuts
